 Dungeon Crawl Stone Soup version 0.17.1-3-g152610e (webtiles) character file.

76 warlockg3 the Vandal (level 4, -2/27 HPs)
             Began as a Kobold Hunter on Mar 31, 2016.
             Slain by Grinder (10 damage)
             ... while paralysed by Grinder
             ... on level 3 of the Dungeon.
             The game lasted 00:11:09 (2311 turns).

warlockg3 the Vandal (Kobold Hunter)                Turns: 2311, Time: 00:11:09

Health: -2/27      AC:  3    Str: 10    XL:     4   Next: 57%
Magic:  4/4        EV:  3    Int:  9    God:
Gold:   77         SH:  0    Dex: 17    Spells: 0 memorised, 3 levels left

rFire  . . .     SeeInvis .     j - +3 short sword
rCold  + . .     Clarity  .     c - +0 leather armour
rNeg   . . .     SustAt   .     (shield restricted)
rPois  .         Gourm    .     (no helmet)
rElec  .         Spirit   .     (no cloak)
rCorr  .         Warding  .     (no gloves)
rMut   .         Stasis   .     (no boots)
MR     .....                    (no amulet)
Stlth  ++........               (no ring)
                                o - ring of protection from cold

@: paralysed, not resistant to hostile enchantments, unstealthy
A: carnivore 3
a: no special abilities


You were on level 3 of the Dungeon.
You were full.

You visited 1 branch of the dungeon, and saw 3 of its levels.

You collected 77 gold pieces.

Inventory:

Hand Weapons
 a - a +1 hunting sling
 b - a +0 short sword
 j - a +3 short sword (weapon)
 p - a +0 dagger
 q - a +0 hunting sling
Missiles
 d - 26 sling bullets
 h - 25 stones (quivered)
 l - 11 exploding sling bullets
Armour
 c - a +0 leather armour (worn)
Jewellery
 o - a ring of protection from cold (left hand)
Scrolls
 i - a scroll of recharging {unknown}
 k - 3 scrolls of identify {unknown}
 n - a scroll of teleportation {unknown}
 t - a scroll of noise {unknown}
 w - a scroll of fog {unknown}
Potions
 f - a potion of might {unknown}
 g - a potion of mutation {unknown}
 m - 2 potions of invisibility
 r - a potion of haste {unknown}
 s - a potion of brilliance {unknown}
 u - a potion of beneficial mutation {unknown}
 v - 3 potions of curing {unknown}
Comestibles
 e - a meat ration


   Skills:
 + Level 2.7 Fighting
 + Level 1.0 Short Blades
 + Level 5.7 Slings
 + Level 0.5 Armour
 + Level 3.2 Dodging
 + Level 2.1 Stealth


You had 3 spell levels left.
You didn't know any spells.

Dungeon Overview and Level Annotations

Branches:
Dungeon (3/15)

Altars:
Elyvilon
Gozag
Zin

Annotations:
D:3 Grinder


Innate Abilities, Weirdness & Mutations

You are small and have problems with some larger weapons.
You are carnivorous and can eat meat at any time.


Message History

Grinder gestures.
Grinder blinks!
You puncture the orc!
You kill the orc!
Grinder gestures.
Grinder blinks!
The orc hits you with a war axe. The orc priest closely misses you.
The orc completely misses you.
You see here an orc corpse.
The orc priest completely misses you.
The orc priest miscasts a cantrip.
The hobgoblin closely misses you. Grinder gestures at you.
You suddenly lose the ability to move!
Grinder gestures.
Grinder blinks!
The hobgoblin hits you with a club.
* * * LOW HITPOINT WARNING * * *
Grinder hits you!
You die...

......###
........########
...............#
...............#
...............#
.♣._.♣♣.#..†...#
♣♣ ###..oo..#
#####...ogo..####
........5@......#
...!.......>....#
................#
..§.............#
?...........r...#
......(.........#
................#
................#
.(=..§.)........##


You could see Grinder, an orc priest, 3 orcs, a hobgoblin and a rat (wandering).

Vanquished Creatures
  An adder (D:2)
  2 oozes
  4 worms
  A giant gecko (D:2)
  An orc (D:3)
  2 giant cockroaches (D:1)
  7 hobgoblins
  7 bats
  6 giant newts
  7 goblins
  7 kobolds
  4 rats
49 creatures vanquished.

Vanquished Creatures (others)
  An adder (D:2)
1 creature vanquished.

Grand Total: 50 creatures vanquished

Notes
Turn   | Place    | Note
--------------------------------------------------------------
     0 | D:1      | warlockg3 the Kobold Hunter began the quest for the Orb.
     0 | D:1      | Reached XP level 1. HP: 12/12 MP: 1/1
   164 | D:1      | Reached skill level 5 in Slings
   164 | D:1      | Reached XP level 2. HP: 18/18 MP: 2/2
   438 | D:1      | Reached XP level 3. HP: 22/22 MP: 3/3
  1080 | D:2      | Reached XP level 4. HP: 11/27 MP: 4/4
  1189 | D:2      | Found an opulent altar of Gozag.
  1267 | D:2      | Found a white marble altar of Elyvilon.
  2011 | D:3      | Noticed Grinder
  2014 | D:3      | HP: 1/27 [orc (2)]
  2107 | D:2      | Reached skill level 1 in Short Blades
  2293 | D:3      | Found a glowing silver altar of Zin.
  2309 | D:3      | Paralysed by Grinder for 4 turns
  2311 | D:3      | Slain by Grinder

Action                   |  1- 3 |  4- 6 || total
-------------------------+-------+-------++-------
Melee: Short sword       |    65 |    40 ||   105
 Fire: Hunting sling     |    61 |       ||    61
Throw: Stone             |     1 |       ||     1
  Use: Potion            |     1 |       ||     1
 Stab: Sleeping          |     2 |     2 ||     4
       Invisible         |     2 |       ||     2
  Eat: Chunk             |     3 |       ||     3
       Meat ration       |       |     1 ||     1
